 Dungeon Crawl Stone Soup version 0.29.1-1-gd02db69 (webtiles) character file.

Game seed: 11649009585974853839

22 Kel the Chopper (level 2, 0/19 HPs)
             Began as a Gargoyle Berserker on Nov 24, 2022.
             Was a Follower of Trog.
             Slain by a gnoll
             ... wielding a +0 club
              (5 damage)
             ... on level 2 of the Dungeon.
             The game lasted 00:01:13 (1305 turns).

Kel the Chopper (Gargoyle Berserker)                Turns: 1305, Time: 00:01:13

Health: 0/19       AC:  7    Str: 20    XL:     2   Next: 91%
Magic:  2/2        EV: 11    Int:  7    God:    Trog [*.....]
Gold:   28         SH:  0    Dex:  9    Spells: 1/1 levels left

rFire   . . .      SeeInvis .   a - +0 hand axe
rCold   . . .      Faith    .   (no shield)
rNeg    + . .      Spirit   .   b - +0 animal skin
rPois   ∞          Reflect  .   (no helmet)
rElec   +          Harm     .   (no cloak)
rCorr   .          Rampage  .   (no gloves)
Will    .....                   g - +1 pair of boots
Stlth   +.........              (no amulet)
HPRegen 0.06/turn               (no ring)
MPRegen 0.08/turn               (no ring)

@: no status effects
A: sickness immunity, AC +2, negative energy resistance 1, electricity
resistance, torment resistance 1, petrification resistance
a: Renounce Religion, Berserk


You were on level 2 of the Dungeon.
You worshipped Trog.
Trog was aware of your devotion.
You visited 1 branch of the dungeon, and saw 2 of its levels.

You collected 28 gold pieces.

Inventory:

Hand Weapons
 a - a +0 hand axe (weapon)
Armour
 b - a +0 animal skin (worn)
 g - a +1 pair of boots (worn)
Scrolls
 c - 4 scrolls of identify {unknown}
 d - a scroll of fog {unknown}
 f - 2 scrolls of amnesia {unknown}
Potions
 e - a potion of heal wounds {unknown}


   Skills:
 - Level 3.2 Fighting
 + Level 3.6 Axes
 - Level 2.1 Armour
 - Level 1.5 Dodging


You had one spell level left.
You didn't know any spells.
Your spell library was empty.

Dungeon Overview and Level Annotations

Branches:
Dungeon (2/15)

Altars:


Innate Abilities, Weirdness & Mutations

You are immune to sickness and miasma.
Your stone body is resilient. (AC +2)
You are immune to poison.
You resist negative energy. (rN+)
You are resistant to electric shocks. (rElec)
You are resistant to unholy torment.
You are immune to petrification.


Message History

g - a +1 pair of boots You start putting on your armour.
You continue putting on your +1 pair of boots. x4
You finish putting on your +1 pair of boots.
As you open the door, it creaks loudly!
There is an open door here.
You open the door.
There is an open door here.
There is an open door here.
There is an open door here.
Done exploring.
Done exploring.
(D) Dungeon
Where to? (? - help)
There is a stone staircase leading down here.
You climb downwards.
The gnoll shouts! x2
The endoplasm quivers.
Found a clear potion.
There is a stone staircase leading up here.
There are monsters nearby!
There are monsters nearby! 2 gnolls come into view.
Found a metallic white potion.
The gnoll shouts! x2; You hear a shout!
The gnoll throws a throwing net.
The throwing net hits you.
You become entangled in the net!
You see here a throwing net.
You are held in a net!
You are held in a net!
You struggle against the net.
The gnoll hits you with a +0 club.
You struggle against the net.
The gnoll hits you with a +0 club. The gnoll hits you with a +0 flail.
You struggle against the net.
The gnoll barely misses you. The gnoll hits you with a +0 club.
* * * LOW HITPOINT WARNING * * *
The endoplasm hits you but does no damage.
You rip the net and break free!
The gnoll barely misses you. The gnoll hits you with a +0 club.
You die...

..# ...# ##
#.# ...#
.###.##....
.....#...
......#
....#####
#!.......
#J# #@#
#...ggg.#
#####.......
#......
.....#
##.... ....
.!.


You could see 3 gnolls and an endoplasm.

Vanquished Creatures
  4 endoplasms (D:1)
  A goblin (D:1)
  3 hobgoblins (D:1)
  2 kobolds (D:1)
  3 quokkas (D:1)
  4 ball pythons (D:1)
  A bat (D:1)
  A rat (D:1)
19 creatures vanquished.

Notes
Turn   | Place    | Note
-------+----------+-------------------------------------------
     0 | D:1      | Kel the Gargoyle Berserker began the quest for the Orb.
     0 | D:1      | Reached XP level 1. HP: 14/14 MP: 1/1
   389 | D:1      | Reached XP level 2. HP: 15/19 MP: 2/2
  1305 | D:2      | Slain by a gnoll

Illustrated notes

Levels and vault maps discovered:
D:1:      onia_arrival_pentagram, layout_basic, minmay_misc_feat_square,
          chequers_serial_rivers_small_a
D:2:      layout_rooms, shapermc_ecumenical_altar_pompeii, uniq_natasha,
          uniq_sigmund

Skill      XL: |  1 |
---------------+----+-----
Axes           | 3 |  3.6
Fighting       | |  3.2
Armour         | |  2.1
Dodging        | |  1.5

Action                   || total
-------------------------++-------
Melee: Hand axe          ||    55
Armor: Animal skin       ||    18
Dodge: Dodged            ||    55
